AoeStats
← Sieur Fingolfin

Arabia

505463720Analyzed
2v2 RM · 24d ago on Sep 9, 2026· 19m 35s· 4 players
Game mode
Random Map
Map size
Medium (4 player)
Population
200
Speed
Normal
Resources
Standard
Victory
Conquest
Starting age
Dark Age
Ending age
Imperial Age
RankedLock teamsTeams togetherTeam positionsShared explorationLock speedFull tech treeHidden civsTurbo modeCheats
Victory
Defeat
🇫🇷 Romans · France
1154
+13
🇫🇷 Teutons · France
1117
+15
1121
-15
🇪🇸 Ethiopians · Spain
1071
-13
Prince des Lilas
9:06 Loom
11:22 Feudal Age
12:12 Double-Bit Axe
15:13 Castle Age
13:37 Horse Collar
17:08 Fletching
Sieur Fingolfin
9:29 Loom
11:50 Feudal Age
16:57 Castle Age
15:03 Double-Bit Axe
15:02 Horse Collar
19:46 Scale Barding Armor
Noxorus
8:38 Loom
11:29 Feudal Age
14:04 Double-Bit Axe
15:59 Fletching
20:04 Castle Age
哆啦种田大魔怪iiiiiiiiiii
9:06 Feudal Age
Connection lost

Rejoining the realm…

Still unreachable

The connection could not be restored.

Session expired

The server has moved on; the page needs a fresh start.